cohdb
Replays
Latest Replays
All Replays
Popular Replays
Top Player Replays
Match Explorer
How It Works
Community
CoH3 Stats
Reddit
Sign in to upload your games and track your stats! →
Sign in with Steam
Match 47278288
Unlisted
Match 47278288
Overview
Messages
Build Orders
End
Construct Weapon Support Center
M1919 Machine Gun Team
Selects Armored Battlegroup
Selects Assault Engineers
Assault Engineer Squad
Assault Engineer Squad
Mechanized Support Center
Mortar Pit
M3 Armored Personnel Carrier
M3 Armored Personnel Carrier
Mortar Pit
Selects M31 Recovery Vehicle
Designate Forward Repair Station
.30 cal Machine Gun
Construct Tank Depot
Selects Strength in Steel
Forward Retreat Point
M18 Hellcat Tank Destroyer
Salvage Crew
Forward Retreat Point
Selects Seek and Destroy
Selects UNKNOWN (2160077)
M4A3E8 Sherman Easy Eight
Designate Forward Repair Station
Comety42
Jeep
vice
kya100789
Gnasher
TONTONJUNG
vincent
김치워리어
0
0
Comments
sign in to comment!
No comments posted yet!